 Dungeon Crawl Stone Soup version 0.27-a0-1177-g245c70e1c0 (webtiles) character file.

Game seed: 3678669771698100521

338 freelancePsychic the Digger (level 6, 0/53 HPs)
             Began as a Troll Earth Elementalist on May 16, 2021.
             Slain by a wyvern (16 damage)
             ... on level 3 of the Dungeon.
             The game lasted 00:04:15 (2038 turns).

freelancePsychic the Digger (TrEE)                  Turns: 2038, Time: 00:04:16

Health: 0/53       AC:  4    Str: 17    XL:     6   Next: 29%
Magic:  6/6        EV:  9    Int: 15    God:
Gold:   140        SH:  0    Dex: 10    Spells: 2/7 levels left

rFire    . . .     SeeInvis .     - Unarmed
rCold    . . .     Faith    .   (no shield)
rNeg     . . .     Spirit   .   c - +0 robe
rPois    .         Reflect  .   (helmet restricted)
rElec    .         Harm     .   (no cloak)
rCorr    .         Rampage  .   (gloves unavailable)
Will     .....     Rnd*Rage +   (boots unavailable)
Stlth    +.........             (no amulet)
HPRegen  1.17/turn              (no ring)
MPRegen  0.10/turn              (no ring)

@: no status effects
A: large, unfitting armour, claws 3, regeneration 1, shaggy fur 1, tough skin 1,
berserk 1, clever 1
a: no special abilities


You were on level 3 of the Dungeon.
You visited 1 branch of the dungeon, and saw 3 of its levels.

You collected 140 gold pieces.

Inventory:

Missiles
 a - a large rock (quivered)
 b - 150 stones
Armour
 c - a +0 robe (worn)
 h - a +0 cloak
Wands
 p - a wand of iceblast (9)
Scrolls
 l - a scroll of vulnerability {unknown}
 m - a scroll of fog {unknown}
 n - a scroll of immolation {unknown}
 o - a scroll of enchant weapon {unknown}
 q - a scroll of summoning
Potions
 d - a potion of curing {unknown}
 e - a potion of mutation
 f - a potion of berserk rage {unknown}
 g - a potion of haste {unknown}
 i - a potion of flight {unknown}
 j - a potion of lignification {unknown}
 k - 2 potions of brilliance {unknown}
 r - a potion of cancellation {unknown}


   Skills:
 - Level 1.5 Dodging
 - Level 1.0 Stealth
 + Level 3.4 Unarmed Combat
 - Level 1.2 Spellcasting
 + Level 2.7 Transmutations
 + Level 4.3 Earth Magic


You had 2 spell levels left.
You knew the following spells:

 Your Spells              Type           Power      Damage    Failure   Level
a - Sandblast             Erth           28%        2d8       4%          1
b - Petrify               Tmut/Erth      11%        N/A       50%         4

Your spell library contained the following spells:

 Spells                   Type           Power      Damage    Failure   Level
 Beastly Appendage        Tmut           18%        N/A       8%          1
 Passwall                 Tmut/Erth      9%         N/A       9%          2
 Wereblood                Tmut           9%         N/A       12%         2
 Corona                   Hex            0%         N/A       24%         1
 Ensorcelled Hibernation  Hex/Ice        0%         N/A       36%         2
 Stone Arrow              Conj/Erth      14%        3d7       30%         3
 Spider Form              Tmut/Pois      2%         N/A       38%         3
 Confusing Touch          Hex            0%         N/A       58%         3
 Dazzling Flash           Conj/Hex       0%         N/A       58%         3
 Tukima's Dance           Hex            0%         N/A       58%         3
 Lee's Rapid Deconstruct  Erth           7%         3d7*      73%         5
 Ice Form                 Ice/Tmut       5%         N/A       80%         4
 Hydra Form               Tmut           4%         N/A       91%         5


Dungeon Overview and Level Annotations

Branches:
Dungeon (3/15)

Altars:


Innate Abilities, Weirdness & Mutations

You are too large for most types of armour.
You have claws for hands.
Your natural rate of healing is unusually fast.
You are covered in fur. (AC +1)
You have tough skin. (AC +1)
You tend to lose your temper in combat.
Your mind is acute. (Int +2)


Message History

Found a fuming silvery potion.
A frilled lizard is nearby!
A wyvern comes into view.
The wyvern hisses angrily.
The frilled lizard hisses angrily.
There is an open door here.
You claw the frilled lizard!
You kill the frilled lizard!
The wyvern barely misses you.
You claw the wyvern!
The wyvern is moderately wounded.
The wyvern barely misses you.
You scratch the wyvern.
The wyvern is moderately wounded.
The wyvern closely misses you. The wyvern bites you!
You barely miss the wyvern.
The wyvern is moderately wounded.
The wyvern bites you!
You are too injured to fight recklessly!
You are too injured to fight recklessly!
You are too injured to fight recklessly!
You are too injured to fight recklessly!
You are too injured to fight recklessly!
You are too injured to fight recklessly!
You are too injured to fight recklessly!
You are too injured to fight recklessly!
You are too injured to fight recklessly!
You are too injured to fight recklessly!
You are too injured to fight recklessly!
You are too injured to fight recklessly!
You are too injured to fight recklessly!
You are too injured to fight recklessly!
You are too injured to fight recklessly!
You are too injured to fight recklessly!
Throw: 2 large rocks
Press: ? - help, Q - select action, (/) - cycle Shift-Dir - straight line, f - wyvern
Aim: a wyvern (moderately wounded, 54% to hit)
You throw a large rock. The large rock hits the wyvern!!
The wyvern is almost dead.
The wyvern bites you! The wyvern completely misses you. The wyvern bites you!
You die...

####### ######.....#
##########...##.....#
#...................# #
#.###.......#@#.....#####
# #.#
#.##.#.##l##......... .
#.# #.#.#..#.!.#.....###
# #.# #..##.#######....#
#.# #.#...#.....#....#
#.#
#.##..#†....'..########
## #.#
#.##.#########.........
.. #.#
#.##.#)......#.####....
.. #.# #.##.).......#.# #


You could see a wyvern.

Vanquished Creatures
  A water moccasin (D:3)
  2 orc priests
  An orc wizard (D:2)
  3 adders
  A white imp (D:3)
  3 worms
  3 dart slugs
  4 orcs
  3 ball pythons
  8 endoplasms
  13 giant cockroaches (D:3)
  7 goblins
  11 hobgoblins
  6 jackals
  3 quokkas
  8 bats
  6 frilled lizards
  5 kobolds
  7 rats
95 creatures vanquished.

Notes
Turn   | Place    | Note
-------+----------+-------------------------------------------
     0 | D:1      | freelancePsychic the Troll Earth Elementalist began the
                  | quest for the Orb.
     0 | D:1      | Reached XP level 1. HP: 16/16 MP: 1/1
   192 | D:1      | Reached skill level 1 in Transmutations
   198 | D:1      | Reached XP level 2. HP: 23/24 MP: 2/2
   234 | D:1      | Reached skill level 1 in Unarmed Combat
   237 | D:1      | Reached skill level 3 in Earth Magic
   409 | D:1      | Found a faded altar of an unknown god.
   420 | D:1      | Reached XP level 3. HP: 31/31 MP: 3/3
   912 | D:2      | HP: 1/31 [orc priest/+0 dagger (4)]
   914 | D:2      | Reached XP level 4. HP: 3/39 MP: 4/4
   998 | D:2      | Reached XP level 5. HP: 45/45 MP: 5/5
  1010 | D:2      | Learned a level 4 spell: Petrify
  1058 | D:2      | Gained mutation: You tend to lose your temper in combat.
                  | [potion of mutation]
  1058 | D:2      | Gained mutation: Your mind is acute. (Int +2) [potion of
                  | mutation]
  1847 | D:3      | Noticed a water moccasin
  1857 | D:3      | Killed a water moccasin
  1858 | D:3      | Reached skill level 4 in Earth Magic
  1858 | D:3      | Reached XP level 6. HP: 47/53 MP: 6/6
  2033 | D:3      | Noticed a wyvern
  2038 | D:3      | Slain by a wyvern

Illustrated notes

Levels and vault maps discovered:
D:1:      minmay_arrival_shattered_statue, layout_basic, serial_rivers,
          chequers_serial_rivers_micro_c, chequers_serial_rivers_room_a,
          chequers_serial_rivers_large_a, chequers_serial_rivers_room_b,
          chequers_serial_rivers_micro_e, ebering_ecumenical_altar_abandoned
D:2:      cheibrodos_pilgrimage, layout_rooms, minmay_misc_feat_x
D:3:      minmay_roachtagon, layout_loops_ring, minmay_divided_ellipse

Skill      XL: |  1  2  3  4  5 |
---------------+----------------+-----
Transmutations | 1 2 |  2.7
Unarmed Combat | 1 2 3 |  3.4
Earth Magic    | 3 4 |  4.3
Dodging        | |  1.5
Stealth        | |  1.0
Spellcasting   | |  1.2

Action                   |  1- 3 |  4- 6 || total
-------------------------+-------+-------++-------
Melee: Unarmed           |   143 |   140 ||   283
       Punch             |     1 |     2 ||     3
Throw: Large rock        |     1 |     5 ||     6
  Use: Potion            |     1 |     1 ||     2
       Scroll            |     2 |     1 ||     3
 Stab: Sleeping          |       |     1 ||     1
Armor: Robe              |    44 |    86 ||   130
Dodge: Dodged            |    68 |   109 ||   177

Table legend: (Time is in decaauts)
 A = Elapsed time spent in this place.
 B = Non-inter-level travel time spent in this place.
 C = Inter-level travel time spent in this place.
 D = Time resting spent in this place.
 E = Time spent auto-exploring this place.
 F = Levels seen in this place.
 G = Mean time per level.
                   A        B        C        D        E       F      G
               +--------+--------+--------+--------+--------+-----+--------+
         Total |   2053 |   2000 |     53 |     51 |   1414 |   3 |  684.3 |
       Dungeon |   2053 |   2000 |     53 |     51 |   1414 |   3 |  684.3 |
               +--------+--------+--------+--------+--------+-----+--------+

Top non-repeatable levels by time:
     D:1: 708 daAuts
     D:2: 672 daAuts
     D:3: 672 daAuts
